[Event "86th Tata Steel Masters 2024"]
[Site "Scheveningen"]
[Date "2024.01.23"]
[Round "9.1"]
[White "Donchenko, Alexander"]
[Black "Firouzja, Alireza"]
[Result "1-0"]
[ECO "D38"]
[WhiteElo "2643"]
[BlackElo "2759"]
[Annotator "TA"]
[PlyCount "69"]
[EventDate "2024.01.02"]
[EventType "tourn"]
[EventCountry "NED"]
[SourceTitle "playchess.com"]
[Source "ChessBase"]
[SourceQuality "1"]
[TimeControl "40/6000+30:20/3000+30:900+30"]

1. d4 d5 2. c4 e6 3. Nc3 Nf6 4. cxd5 exd5 5. Bg5 Bb4 6. Nf3 Nbd7 7. e3 h6 8. Bh4 g5 9. Bg3 Ne4 {[%emt 0:00:07] Die Stellung ist ausgeglichen.} 10. Nd2 {[%emt 0:13:08] Droht stark Ndxe4.} Nxg3 11. hxg3 Nb6 12. Bd3 Be6 13. a3 Bd6 14. Qf3 g4 15. Qe2 c6 16. Rh5 Nd7 17. e4 Nf6 18. exd5 cxd5 19. Rh1 Kf8 20. Qe3 Kg7 21. Nb5 (21. Bc2 $11) 21... Rc8 ({Günstiger ist} 21... Be7 $15 22. Nb3 Bd7) 22. Nxd6 Qxd6 23. Kf1 Qb6 24. Rb1 Bd7 25. Kg1 Rce8 26. Qf4 Bb5 (26... Re7 $11 {hält das Gleichgewicht.}) 27. Bf5 $16 Be2 28. Rh4 Qb5 (28... h5 $142) 29. Rc1 (29. Re1 $142) 29... Bd3 {[%emt 0:10:44] [#]} 30. Rc5 $1 (30. Bxg4 $6 Qxb2 31. Nf3 Re4 $11 (31... Qxa3 32. Ne5 $16)) 30... Qa6 31. Bxg4 {[%emt 0:00:22] Weiß steht aktiver.} Re1+ 32. Kh2 h5 33. Bf3 {[%emt 0:05:32][%cal Og3g4] g4! ist eine echte Drohung.} Rh6 $2 (33... Qe6 $14) 34. Rc7 $1 $18 {[%emt 0:01:51] Und g4 würde nun gewinnen.} (34. Bxd5 $2 {ist das falsche Schlagen.} Ng4+ $19) 34... Rh7 {[%emt 0:00:18] [#]} (34... Qe6 {ist eine bessere Verteidigung.} 35. g4 (35. Rxb7 Be2 $18) 35... Ne8 36. Rxb7 a5 37. gxh5 (37. Rxh5 Rf6 $18) 37... Rf6 38. Qg5+ Kh8 39. Qxd5 (39. Bxd5 Qd6+ 40. f4 Rf5 $18) 39... Qxd5 40. Bxd5 Nd6) 35. Bxh5 $1 {[%emt 0:02:25][%mdl 512] Gewichteter Fehlerwert: Weiß=0.10 (sehr präzise) /Schwarz=0.40.  Verlustzug:     	---       	Schwarz=1     Fehler:       	Weiß=2     	Schwarz=4     Ungenau:       	Weiß=2     	---        OK:         	Weiß=10    	Schwarz=11    Bester:       	Weiß=3     	Schwarz=2     Stark:        	Weiß=2     	---} 1-0

[Event "86th Tata Steel Masters 2024"]
[Site "Scheveningen"]
[Date "2024.01.23"]
[Round "9.2"]
[White "Ding, Liren"]
[Black "Giri, Anish"]
[Result "1/2-1/2"]
[ECO "D31"]
[WhiteElo "2780"]
[BlackElo "2749"]
[Annotator "TA"]
[PlyCount "67"]
[EventDate "2024.01.02"]
[EventType "tourn"]
[EventCountry "NED"]
[SourceTitle "playchess.com"]
[Source "ChessBase"]
[SourceQuality "1"]
[TimeControl "40/6000+30:20/3000+30:900+30"]

1. c4 e6 2. Nc3 d5 3. d4 Be7 4. cxd5 exd5 5. Bf4 c6 6. e3 Bf5 7. g4 Be6 8. h3 Nd7 {[%emt 0:00:25][%cal Oh7h5] 8...Nd7 scores better than 8...Nf6. D31: Queen's Gambit Declined: Semi-Slav without ...Nf6 (+ Marshall Gambit and Noteboom) and Exchange Variation lines without ...Nf6.} 9. Bd3 (9. Qb3 $5 ) 9... h5 10. gxh5 Ngf6 11. h6 g6 12. Qc2 Nh5 13. Bh2 Rxh6 14. O-O-O Ndf6 {[%emt 0:01:34] [#]} 15. Kb1 $146 ({Predecessor:} 15. Nf3 Ne4 16. Rdg1 Rc8 17. Kb1 Qa5 18. Ka1 Nhf6 19. Bf4 Rh5 20. Ng5 Nxg5 21. Rxg5 Rxh3 22. Rxh3 Bxh3 {½-½ Dunlop,G (2503)-Malchev,E (2394) olm21 sf02 email 2016 [2]}) 15... Bd6 16. Nf3 Bxh2 17. Rxh2 Ng7 18. Ne5 Bf5 (18... Nd7 $15) 19. f3 Bxd3 20. Rxd3 Ne6 21. e4 Kf8 22. Qb3 Qe7 23. exd5 Nxd5 24. Nxd5 cxd5 25. a3 (25. Qxd5 $2 Nf4 26. Qb5 Nxd3 27. Qxd3 Rd8 $19) 25... Kg7 26. f4 (26. Qxd5 $2 Nf4 27. Qc4 Nxd3 28. Qxd3 Qe6 $19) 26... Rh5 (26... Nxf4 27. Rf2 g5 28. Rg3 $16) 27. Rf2 Rf5 28. Rd1 (28. Qxd5 $2 Nxf4 29. Qb3 Nxd3 30. Rxf5 gxf5 $19) (28. Rg3 $11) 28... Rd8 (28... Nxf4 29. Rdf1 Qg5 30. Qxb7 $16) (28... Rxf4 29. Rxf4 Nxf4 30. Rf1 $14) (28... Rh8 $15) 29. Ka2 (29. Rg1 $11) 29... Qh4 (29... Rxf4 30. Rxf4 Nxf4 31. Rf1 $14) (29... Nxf4 $2 30. Rdf1 Qg5 31. Qxb7 $18) (29... Rh8 $1 $15) 30. Rff1 b6 31. Qa4 Qe7 32. Qb3 (32. Nc6 Qe8 33. Qb5 Nc7 $17) (32. Rde1 $11 {keeps the balance.}) 32... Qh4 ({Don't take} 32... Rxf4 33. Nc6 Qh4 34. Nxd8 (34. Nxa7 Rxf1 35. Rxf1 Nxd4 $17) 34... Qxd8 35. Rxf4 Nxf4 36. Qe3 $16) 33. Qa4 Qe7 34. Qb3 {[%emt 0:00:03] Weighted Error Value: White=0.10 (very precise) /Black=0.11 (very precise)} ({Of course not} 34. Nc6 Qe8 35. Qb5 Nc7 $17) 1/2-1/2

[Event "86th Tata Steel Masters 2024"]
[Site "Scheveningen"]
[Date "2024.01.23"]
[Round "9.3"]
[White "Gukesh D"]
[Black "Vidit, Santosh Gujrathi"]
[Result "1/2-1/2"]
[ECO "C42"]
[WhiteElo "2725"]
[BlackElo "2742"]
[Annotator "TA"]
[PlyCount "62"]
[EventDate "2024.01.02"]
[EventType "tourn"]
[EventCountry "NED"]
[SourceTitle "playchess.com"]
[Source "ChessBase"]
[SourceQuality "1"]
[TimeControl "40/6000+30:20/3000+30:900+30"]

1. e4 e5 2. Nf3 Nf6 3. Nxe5 d6 4. Nf3 Nxe4 5. d4 d5 6. Bd3 Bd6 7. O-O O-O 8. c4 c6 9. Nc3 Nxc3 10. bxc3 dxc4 11. Bxc4 Bf5 12. Bg5 {[%emt 0:02:44] C42: Petroff Defence: 3 Nxe5 and unusual White 3rd moves.} Qa5 13. Nh4 Be6 14. Bxe6 {[%emt 0:00:06] [#] Strongly threatening Bf5.} Qxg5 15. Nf3 Qa5 16. Bb3 Nd7 17. Qd3 Nf6 18. Rfe1 Rae8 19. h4 g6 {[%emt 0:33:11] The position is equal.} 20. g3 Kg7 21. Kg2 h6 22. Nd2 Qd8 23. Qf3 {[%emt 0:08:50] [#]} h5 $146 ({Predecessor:} 23... Bc7 24. Rxe8 Qxe8 25. Rb1 Qe7 26. Bd1 Rb8 27. Qd3 h5 28. Bf3 c5 29. dxc5 Qxc5 30. Rxb7 {½-½ Ochsner,B (2491)-Papp,G (2589) DEN-chT 1920 58th 2019 (6.3)}) 24. a4 Bc7 25. Bc4 Qd7 26. Qd3 Rxe1 27. Rxe1 Re8 28. Rxe8 Qxe8 29. Kf1 Qe7 30. Bb3 a6 31. Qf3 Qe8 {[%emt 0:03:24] A balanced but interesting game.   Weighted Error Value: White=0.04 (flawless) /Black=0.01 (flawless)} 1/2-1/2

[Event "86th Tata Steel Masters 2024"]
[Site "Scheveningen"]
[Date "2024.01.23"]
[Round "9.5"]
[White "Abdusattorov, Nodirbek"]
[Black "Van Foreest, Jorden"]
[Result "1-0"]
[ECO "C24"]
[WhiteElo "2727"]
[BlackElo "2682"]
[Annotator "TA"]
[PlyCount "47"]
[EventDate "2024.01.02"]
[EventType "tourn"]
[EventCountry "NED"]
[SourceTitle "playchess.com"]
[Source "ChessBase"]
[SourceQuality "1"]
[TimeControl "40/6000+30:20/3000+30:900+30"]

1. e4 e5 2. Nf3 Nc6 3. Bc4 Nf6 4. d3 d5 5. exd5 Nxd5 6. O-O Be7 7. Re1 f6 {[%emt 0:01:13] C24: Bishop's Opening: 2...Nf6.} 8. Bb3 $5 {[%emt 0:01:17][%mdl 4] [#] A promising side line.} a5 $146 ({Predecessor:} 8... Na5 9. Nxe5 O-O 10. Bxd5+ Qxd5 11. Nc3 Qd8 12. Bd2 fxe5 13. Rxe5 Nc6 14. Re1 Bc5 15. Be3 Bxe3 16. Rxe3 {0-1 Goehring,D-Boettner,J Rangliste 1200-1500 18054 2014}) 9. c3 Nb6 {[%emt 0:01:57] White is slightly better.} 10. Nh4 {[%emt 0:04:25] Hoping for Qh5+.} g6 {[%emt 0:03:08] Inhibits Qh5.} (10... a4 $14 11. Qh5+ Kd7) 11. a4 $1 $16 Bd6 {[%emt 0:24:31] [#]} 12. d4 $1 Qe7 13. Be3 (13. Bh6 $142) 13... Bd7 14. dxe5 {[%emt 0:04:50][%mdl 64] Discovered Attack} fxe5 15. Nf3 h6 16. Nbd2 {[%emt 0:01:08] Strongly threatening Ne4.} O-O-O 17. Ne4 {[%emt 0:00:46] aiming for Nxd6+.} Bf5 18. Nfd2 {[%emt 0:05:22] White is more active.} Nd7 {[%emt 0:18:57] [#]} 19. Bd5 $1 Nc5 20. Qe2 {[%emt 0:04:52] Qb5 would be deadly.} Nb8 21. Rad1 ({Better is} 21. f3 $18) 21... Nba6 $2 (21... Nxe4 $16 22. Nxe4 (22. Bxe4 Qe8 $16) 22... c6) 22. Nxd6+ $18 {[%emt 0:00:51] White has a decisive advantage.} cxd6 23. Nc4 Qc7 24. Qd2 {[%emt 0:03:11] Weighted Error Value: White=0.09 (flawless) /Black=0.23 (precise)} 1-0

[Event "86th Tata Steel Masters 2024"]
[Site "Scheveningen"]
[Date "2024.01.23"]
[Round "9.6"]
[White "Wei, Yi"]
[Black "Nepomniachtchi, Ian"]
[Result "1-0"]
[ECO "C24"]
[WhiteElo "2740"]
[BlackElo "2769"]
[Annotator "TA"]
[PlyCount "81"]
[EventDate "2024.01.02"]
[EventType "tourn"]
[EventCountry "NED"]
[SourceTitle "playchess.com"]
[Source "ChessBase"]
[SourceQuality "1"]
[TimeControl "40/6000+30:20/3000+30:900+30"]

1. e4 e5 2. Bc4 Nf6 3. d3 c6 4. Nf3 d5 5. Bb3 Bb4+ 6. Bd2 Bxd2+ 7. Nbxd2 a5 {[%emt 0:01:11] Hoping for ...a4. C24: Bishop's Opening: 2...Nf6.} 8. a4 (8. Nxe5 $2 a4 9. O-O axb3 10. axb3 Rxa1 11. Qxa1 O-O $19) 8... Nbd7 9. O-O O-O {[%emt 0:01:04] The position is equal.} 10. Re1 Re8 11. exd5 cxd5 12. Nb1 b6 13. Nc3 Bb7 14. Nb5 Qb8 {[%emt 0:01:31] [#] Inhibits Nd6.} 15. d4 $146 ({Predecessor:} 15. Nh4 Bc6 16. Nf5 g6 17. Nh6+ Kg7 18. Qd2 Bxb5 19. axb5 Qd6 20. Qg5 Qb4 21. Nf5+ {0-1 Stockova,Z (2383)-Khademalsharieh,S (2324) Olympiad Women-41 2014 (4.2)}) 15... e4 16. Nd2 Bc6 17. c4 Bxb5 18. axb5 Qf4 {[%emt 0:01:10] White must now prevent ...Ng4.} 19. g3 Qf5 20. cxd5 $1 Rad8 (20... h5 $1 $11 {keeps the balance.}) 21. f3 (21. Qc2 {simplifies} g6 22. f3 exf3 23. Qxf5 gxf5 24. Nxf3 Ne4 25. Rac1) 21... exf3 (21... e3 22. Nc4 $16) 22. Qxf3 Qg5 (22... Rxe1+ $14 23. Rxe1 Qxf3 24. Nxf3 Re8) 23. Nc4 $16 h5 24. d6 Kf8 {[%emt 0:08:20] [#] Wards off Re7} (24... h4 $16 25. Re7 Rxe7 26. dxe7 Re8) 25. Re7 $1 $18 {[%emt 0:07:38][%mdl 576] Decoy} Rxe7 26. dxe7+ Kxe7 27. Re1+ (27. h4 Qxb5 28. Qe3+ (28. Na3 Qb4 $17) 28... Kf8 $11) 27... Kf8 {[%emt 0:00:04] [#]} 28. Nd6 Qd2 29. Qc3 Qxc3 30. bxc3 g6 31. h3 {[%emt 0:01:08] Repels Ng4} (31. Nxf7 $6 Rc8 $16) 31... a4 32. Ba2 {[%emt 0:02:13] White has more active pieces.} (32. Bxf7 $6 Nb8 $14) (32. Nxf7 Rc8 33. Nd6 Rxc3 34. Bxa4 Rxg3+ 35. Kh2 Rd3 $15) 32... a3 33. Kg2 (33. Nxf7 $6 Re8 34. Ne5 Kg7 $16) (33. Bxf7 Nb8 34. Bxg6 Rxd6 $17) 33... Ra8 34. Kf3 (34. Bxf7 a2 35. Ra1 Ke7 36. Rxa2 Rxa2+ 37. Bxa2 Kxd6 $15) (34. Nxf7 $6 Re8 35. Rxe8+ Nxe8 $14) 34... Ra5 (34... Rd8 {might work better.} 35. Re2 (35. Bxf7 Nb8 $17) 35... Ra8) 35. Kf4 (35. Bxf7 a2 36. Ra1 Ra3 37. Bxa2 (37. Rxa2 $2 Rxc3+ 38. Kf2 Ke7 $19) 37... Rxc3+ 38. Kg2 Rd3 $11) (35. Nxf7 Rxb5 36. Nd6 Rb2 $14) 35... Ra8 36. Kg5 (36. Bxf7 a2 37. Bxa2 Rxa2 $15) (36. Nxf7 Re8 37. Re3 Rxe3 38. Kxe3 Ne8 $16) 36... Rd8 37. Bxf7 Nb8 $2 (37... Kg7 {keeps fighting.}) 38. Kxf6 {[%emt 0:00:09] White is clearly winning.} Rxd6+ 39. Be6 ({Not} 39. Ke5 Ke7 $18) 39... Nd7+ 40. Kxg6 {[%emt 0:00:51] Kf5 is the strong threat.} Ne5+ (40... Ke7 $142 41. Kf5 Kf8) 41. Kf6 {[%emt 0:52:24] Weighted Error Value: White=0.06 (flawless) /Black=0.34} ({Less strong is} 41. Rxe5 a2 42. Rf5+ (42. Kxh5 $2 {is the wrong capture.} a1=Q $19) 42... Ke8 $16) 1-0

[Event "86th Tata Steel Masters 2024"]
[Site "Scheveningen"]
[Date "2024.01.23"]
[Round "9.7"]
[White "Praggnanandhaa R"]
[Black "Ju, Wenjun"]
[Result "1-0"]
[ECO "C58"]
[WhiteElo "2743"]
[BlackElo "2549"]
[Annotator "TA"]
[PlyCount "65"]
[EventDate "2024.01.02"]
[EventType "tourn"]
[EventCountry "NED"]
[SourceTitle "playchess.com"]
[Source "ChessBase"]
[SourceQuality "1"]
[TimeControl "40/6000+30:20/3000+30:900+30"]

1. e4 e5 2. Nf3 Nc6 3. Bc4 Nf6 4. Ng5 d5 5. exd5 Na5 6. Bb5+ c6 7. dxc6 bxc6 8. Bd3 Nd5 9. h4 (9. Nxh7 $2 Nf4 10. Be4 Rxh7 $19) 9... Qc7 10. b3 (10. Nxh7 Be7 11. Qh5 g6 $15 (11... Nf4 12. Nf6+ Bxf6 13. Qxh8+ $16)) 10... h6 {[%emt 0:10:35] Die Stellung ist ausgeglichen.} 11. Ne4 f5 12. Nec3 {[%emt 0:11:48] Droht Nxd5.} Nf6 (12... Nf4 $11) 13. Bb2 Bd6 14. Na3 e4 15. Qe2 O-O 16. Ba6 (16. Bc4+ Kh7 17. O-O-O Qe7 $15) 16... Be6 (16... Bxa6 $11 17. Qxa6 Ng4) 17. Nc4 $16 Bb4 18. O-O-O Nb7 19. Bxb7 Qxb7 20. f3 Rae8 {[%emt 0:03:49] [#]} 21. Ne5 ({Viel schwächer wäre} 21. fxe4 $6 Bxc3 22. Bxc3 Nxe4 $11) (21. a3 $1 $16 Bc5 22. fxe4) 21... c5 ({Günstiger ist} 21... Nh5 $14) 22. Rhe1 exf3 (22... Kh7 $16) 23. gxf3 $18 Nh5 24. Rg1 c4 25. Nxc4 {[%emt 0:02:23] Hervorragende Reitkunst.} ({Bloß nicht} 25. bxc4 $6 Rb8 26. Nb5 a6 $16) 25... Qe7 (25... Re7 $142 26. Ne5 Bf7) 26. a3 Bxc3 27. Bxc3 Qxh4 $2 (27... f4 28. Rde1 Qxh4) 28. Qe5 {[%emt 0:02:39][%cal Rg1g7] [#] Weiss will mit Rxg7+ Matt setzen. Weiß steht klar auf Gewinn.} Qe7 29. Rde1 {[%emt 0:02:43] Droht Qh2 und aus. Schwarz hat schwache schwarze Felder} Qd7 (29... Kh7 $142 30. Nd6 g6) 30. Nd6 Re7 31. Qh2 Nf6 32. Qxh6 Qxd6 33. Bxf6 {[%emt 0:00:09] Gewichteter Fehlerwert: Weiß=0.13 (sehr präzise) /Schwarz=0.52.  Fehler:       	Weiß=1     	Schwarz=7     Ungenau:       	Weiß=2     	Schwarz=2     OK:         	Weiß=7     	Schwarz=3     Bester:       	Weiß=2     	Schwarz=1} 1-0